 Dungeon Crawl Stone Soup version 0.27-a0-1180-g7fc4abc71e (webtiles) character file.

Game seed: 6572257857209794902

9153 nclnkn the Geomancer (level 11, -19/65 HPs)
             Began as a Gargoyle Earth Elementalist on May 17, 2021.
             Was a Believer of Vehumet.
             Demolished by a white ugly thing (32 damage)
             ... on level 9 of the Dungeon.
             The game lasted 00:19:47 (11776 turns).

nclnkn the Geomancer (Gargoyle Earth Elementalist) Turns: 11776, Time: 00:19:48

Health: -19/65     AC: 13    Str: 12    XL:     11   Next: 42%
Magic:  1/31       EV: 14    Int: 19    God:    Vehumet [**....]
Gold:   276        SH:  0    Dex: 16    Spells: 15/24 levels left

rFire    . . .     SeeInvis .   h - +9 mace (vorpal)
rCold    . . .     Faith    .   (no shield)
rNeg     + + .     Spirit   .   i - +2 robe {rN+}
rPois    ∞         Reflect  .   n - +0 helmet
rElec    +         Harm     .   (no cloak)
rCorr    .         Rampage  .   (no gloves)
Will     .....                  (no boots)
Stlth    ++........             d - amulet of the acrobat
HPRegen  0.20/turn              g - ring of magical power
MPRegen  0.22/turn              p - +6 ring of dexterity

@: hasted, very quick
A: sickness immunity, AC +8, negative energy resistance 1, electricity
resistance, torment resistance 1, petrification resistance
a: Renounce Religion


You were on level 9 of the Dungeon.
You worshipped Vehumet.
Vehumet was pleased with you.
You visited 2 branches of the dungeon, and saw 10 of its levels.
You also visited: Bailey.

You collected 476 gold pieces.
You spent 200 gold pieces at shops.

Inventory:

Hand Weapons
 h - a +9 vorpal mace (weapon)
 o - a +0 flail
Missiles
 b - 241 stones
 j - 3 throwing nets
Armour
 c - a +0 robe
 i - a +2 robe of positive energy (worn)
 n - a +0 helmet (worn)
Jewellery
 d - an amulet of the acrobat (around neck)
 g - a ring of magical power (left hand)
 p - a +6 ring of dexterity (right hand)
 q - a ring of flight
Scrolls
 m - 2 scrolls of magic mapping
 s - a scroll of summoning
 v - 2 scrolls of enchant weapon
Potions
 a - 2 potions of curing
 e - 2 potions of lignification
 f - a potion of haste
 k - a potion of cancellation
 l - a potion of brilliance
 r - a potion of berserk rage {unknown}
 t - a potion of flight {unknown}
 u - a potion of heal wounds


   Skills:
 + Level 6.3 Fighting
 + Level 5.7 Maces & Flails
 - Level 6.0 Armour
 + Level 5.1 Dodging
 - Level 2.1 Stealth
 + Level 7.3 Spellcasting
 + Level 7.8 Conjurations
 - Level 0.7 Transmutations
 + Level 9.9 Earth Magic


You had 15 spell levels left.
You knew the following spells:

 Your Spells              Type           Power      Damage    Failure   Level
a - Sandblast             Erth           88%        2d18      1%          1
b - Stone Arrow           Conj/Erth      80%        3d12      1%          3
c - Lee's Rapid Deconstr  Erth           22%        3d13*     4%          5

Your spell library contained the following spells:

 Spells                   Type           Power      Damage    Failure   Level
 Inner Flame              Hex/Fire       7%         N/A       28%         3
 Passwall                 Tmut/Erth      22%        N/A       1%          2
 Beastly Appendage        Tmut           18%        N/A       8%          1
 Freeze                   Ice            28%        1d5       10%         1
 Wereblood                Tmut           9%         N/A       11%         2
 Petrify                  Tmut/Erth      27%        N/A       11%         4
 Hailstorm                Conj/Ice       21%        3d6       19%         4
 Spider Form              Tmut/Pois      4%         N/A       26%         3
 Frozen Ramparts          Ice            14%        1d3       28%         3
 Ozocubu's Armour         Ice            7%         N/A       28%         3
 Ice Form                 Ice/Tmut       8%         N/A       63%         4
 Hydra Form               Tmut           4%         N/A       90%         5
 Metabolic Englaciation   Hex/Ice        3%         N/A       95%         5


Dungeon Overview and Level Annotations

Branches:
Dungeon (9/15)             Temple (1/1) D:5          Bailey (visited)
   Lair: D:8-11         Orc: D:9-12

Altars:
Ashenzari
Cheibriados
Dithmenos
Elyvilon
Fedhas
Gozag
Hepliaklqana
Kikubaaqudgha
Makhleb
Nemelex Xobeh
Okawaru
Qazlal
Sif Muna
Trog
Uskayaw
Vehumet
Wu Jian
Xom
Yredelemnul
Zin
The Shining One

Shops:
D:5 *


Innate Abilities, Weirdness & Mutations

You are immune to sickness and miasma.
Your stone body is resilient. (AC +8)
You are immune to poison.
You resist negative energy. (rN+)
You are resistant to electric shocks. (rElec)
You are resistant to unholy torment.
You are immune to petrification.


Message History

You kill the orc!
Vehumet accepts your kill.
You feel your power returning.
The white ugly thing closely misses you.
The water moccasin closely misses you.
Unknown command.
Unknown command.
Casting: Lee's Rapid Deconstruction (dangerous; 4% risk of failure)
Confirm with . or Enter, or press ? or * to list all spells.
Aiming: Lee's Rapid Deconstruction (dangerous; 4% risk of failure)
Press: ? - help, Dir - move target A rock wall.
The wall shatters!
The blast of rock fragments hits the orc!!
You kill the orc!
Vehumet accepts your kill.
You feel your power returning.
The blast of rock fragments hits the white ugly thing!!
The white ugly thing is heavily wounded.
The water moccasin barely misses you. The white ugly thing tail-slaps you.
The white ugly thing freezes you!!
* * * LOW HITPOINT WARNING * * *
A hornet comes into view.
The water moccasin closely misses you.
Unknown command.
Unknown command.
Casting: Lee's Rapid Deconstruction (dangerous; 4% risk of failure)
Confirm with . or Enter, or press ? or * to list all spells.
You don't have enough magic to cast this spell.
Unknown command.
Okay, then.
Unknown command.
A wyvern comes into view.
The white ugly thing completely misses you.
You feel yourself speed up.
The water moccasin bites you but does no damage.
The white ugly thing tail-slaps you!
* * * LOW HITPOINT WARNING * * *
The white ugly thing freezes you!!
You die...

#..........#
#..........# ##
#........<.# ...
#..........# ....
#.........#
oo..u#o.o))....###
#.k.o†.##o###...
..o.o##†##)u##.####.
.... #....yS@....... ..
#..##.......###
###........)..#
###...l.##...#....#
#####...<##...........#
##....S#<....#.##......#
...............# #.....#
..#.♣....####### .....#
.......P.


You could see a white ugly thing, a hornet, a water moccasin, a wyvern and 2
orcs.

Vanquished Creatures
  Harold (D:7)
  2 centaur warriors (D:9)
  2 two-headed ogres
  A hornet (D:6)
  5 yaks (D:8)
  2 wyverns (D:9)
  5 water moccasins
  10 orc warriors (Bailey)
  2 ice beasts
  4 black bears
  A sky beast (D:7)
  4 ogres
  9 centaurs
  2 wolves (D:9)
  A bullfrog (D:8)
  4 scorpions
  A wyvern zombie (D:7)
  A water moccasin skeleton (D:4)
  4 wights (D:8)
  2 centaur zombies
  3 hounds
  2 jellies (D:6)
  An orc priest (D:7)
  Natasha (thrice) (D:3)
  5 iguanas
  2 orc wizards
  A killer bee zombie (D:4)
  A howler monkey zombie (D:4)
  5 gnolls
  9 adders
  A howler monkey skeleton (D:6)
  3 ufetubi
  An adder skeleton (D:4)
  A worm (D:5)
  A dart slug (D:2)
  39 orcs
  6 ball pythons
  7 bats
  5 endoplasms
  A giant cockroach (D:3)
  9 goblins
  6 hobgoblins
  15 jackals
  8 kobolds
  6 quokkas
  2 frilled lizards
  9 rats
215 creatures vanquished.

Vanquished Creatures (others)
  3 plants (D:9)
3 creatures vanquished.

Grand Total: 218 creatures vanquished

Notes
Turn   | Place    | Note
-------+----------+-------------------------------------------
     0 | D:1      | nclnkn the Gargoyle Earth Elementalist began the quest for
                  | the Orb.
     0 | D:1      | Reached XP level 1. HP: 10/10 MP: 3/3
   248 | D:1      | Found a faded altar of an unknown god.
   265 | D:1      | Reached skill level 4 in Earth Magic
   265 | D:1      | Reached XP level 2. HP: 13/15 MP: 5/5
  1318 | D:1      | Reached XP level 3. HP: 19/19 MP: 6/6
  1891 | D:2      | Reached XP level 4. HP: 21/24 MP: 8/8
  2344 | D:2      | Learned a level 3 spell: Stone Arrow
  2346 | D:2      | Reached skill level 5 in Earth Magic
  2684 | D:3      | Noticed Natasha
  2695 | D:3      | Killed Natasha
  2696 | D:3      | Reached skill level 1 in Conjurations
  2696 | D:3      | Reached XP level 5. HP: 21/28 MP: 10/10
  2810 | D:3      | Noticed Natasha
  2819 | D:3      | Killed Natasha
  2911 | D:3      | Found an opulent altar of Gozag.
  3371 | D:3      | Noticed Natasha
  3386 | D:3      | Killed Natasha
  3713 | D:3      | Reached XP level 6. HP: 14/32 MP: 12/12
  3890 | D:3      | Learned a level 5 spell: Lee's Rapid Deconstruction
  4097 | D:4      | Reached skill level 6 in Earth Magic
  4548 | D:4      | Reached XP level 7. HP: 32/36 MP: 13/13
  5755 | D:5      | Entered Level 5 of the Dungeon
  5760 | D:5      | Reached skill level 5 in Spellcasting
  5760 | D:5      | Reached skill level 7 in Earth Magic
  5840 | D:5      | Reached skill level 1 in Fighting
  5840 | D:5      | Reached skill level 1 in Armour
  5840 | D:5      | Reached XP level 8. HP: 40/43 MP: 15/15
  5877 | D:5      | Reached skill level 1 in Maces & Flails
  6014 | D:5      | Found a staircase to the Ecumenical Temple.
  6031 | Temple   | Entered the Ecumenical Temple
  6192 | Temple   | Became a worshipper of Vehumet
  6253 | D:5      | Found Zoisoosa's General Store.
  6259 | D:5      | Bought a scroll of summoning for 95 gold pieces
  6259 | D:5      | Bought a scroll of identify for 20 gold pieces
  6259 | D:5      | Bought a potion of heal wounds for 50 gold pieces
  6259 | D:5      | Bought a scroll of magic mapping for 35 gold pieces
  7023 | D:6      | Noticed a hornet
  7028 | D:6      | Killed a hornet
  7029 | D:6      | Reached skill level 5 in Conjurations
  7674 | D:7      | Reached XP level 9. HP: 35/49 MP: 17/17
  7888 | D:7      | Noticed Harold
  8112 | D:7      | Killed Harold
  8113 | D:7      | Reached skill level 8 in Earth Magic
  8228 | D:7      | Noticed a two-headed ogre
  8237 | D:7      | Killed a two-headed ogre
  8646 | D:7      | Reached XP level 10. HP: 42/58 MP: 19/19
  9073 | D:7      | Found a broken altar of Ashenzari.
  9108 | D:7      | Found a basalt altar of Yredelemnul.
  9108 | D:7      | Found a hide-covered altar of Uskayaw.
  9277 | D:8      | Found a flagged portal.
  9290 | Bailey   | Entered a bailey
  9292 | Bailey   | Reached * piety under Vehumet
  9292 | Bailey   | Offered knowledge of Foxfire by Vehumet.
  9913 | Bailey   | Reached skill level 9 in Earth Magic
 10134 | Bailey   | Reached skill level 5 in Fighting
 10138 | Bailey   | Reached skill level 5 in Armour
 10830 | D:8      | Offered knowledge of Searing Ray by Vehumet.
 10830 | D:8      | Reached ** piety under Vehumet
 10995 | D:8      | Reached skill level 5 in Maces & Flails
 11390 | D:8      | Noticed a two-headed ogre
 11396 | D:8      | Killed a two-headed ogre
 11397 | D:8      | Reached XP level 11. HP: 64/64 MP: 20/21
 11573 | D:8      | Found an iron altar of Okawaru.
 11759 | D:9      | Noticed a centaur warrior
 11759 | D:9      | Noticed a centaur warrior
 11760 | D:9      | Noticed a white ugly thing
 11771 | D:9      | Reached skill level 5 in Dodging
 11771 | D:9      | Killed a centaur warrior
 11771 | D:9      | Killed a centaur warrior
 11771 | D:9      | Offered knowledge of Inner Flame by Vehumet.
 11776 | D:9      | Demolished by a white ugly thing

Illustrated notes

Levels and vault maps discovered:
D:1:      dpeg_arrival_boxorama, layout_basic,
          shapermc_ecumenical_altar_mp_highgroup, minmay_misc_feat_chi
D:2:      layout_basic
D:3:      layout_loops_corners, nicolae_gozag_seed_capital, uniq_natasha
D:4:      kennysheep_six_static_rooms, layout_layer_cave
D:5:      layout_basic, minmay_temple_entry_stoned_glass, serial_shops,
          nicolae_shop_stone
D:6:      layout_loops_ring
D:7:      layout_gridville, nicolae_overflow_hidden_temple, uniq_harold
D:8:      layout_basic, okawaru_altar_gauntlet_db, enter_bailey_5,
          lightli_ossuary_entry_decrepit_ruins
D:9:      minmay_bloctagon_deflated, layout_rooms, minmay_lair_entry_grove,
          minmay_fractal_squares_gapless_5
Temple:   nicolae_temple_elliptical

Skill      XL: |  1  2  3  4  5  6  7  8  9 10 11 |
---------------+----------------------------------+-----
Earth Magic    | 4 5 6 7 8 9 |  9.9
Spellcasting   | 3 4 5 6 7 |  7.3
Conjurations   | 1 2 3 4 5 6 7 |  7.8
Fighting       | 1 2 4 5 6 |  6.3
Armour         | 1 2 4 5 6 |  6.0
Maces & Flails | 2 3 5 |  5.7
Dodging        | 2 3 4 5 |  5.1
Stealth        | |  2.1
Transmutations | |  0.7

Action                   |  1- 3 |  4- 6 |  7- 9 | 10-12 || total
-------------------------+-------+-------+-------+-------++-------
Melee: Dagger            |    57 |       |       |       ||    57
       Unarmed           |     3 |       |       |       ||     3
       Mace              |    53 |   100 |   139 |    55 ||   347
 Cast: Sandblast         |    12 |    26 |    22 |    20 ||    80
       Stone Arrow       |       |     1 |    23 |    60 ||    84
       Lee's Rapid Decon |       |       |     2 |    24 ||    26
  Use: Scroll            |     2 |     5 |    11 |     4 ||    22
       Potion            |       |     1 |     2 |     2 ||     5
 Stab: Sleeping          |     2 |     2 |     6 |     1 ||    11
Armor: Robe              |    50 |    66 |    83 |    59 ||   258
Dodge: Dodged            |    92 |   104 |   114 |   211 ||   521

Table legend: (Time is in decaauts)
 A = Elapsed time spent in this place.
 B = Non-inter-level travel time spent in this place.
 C = Inter-level travel time spent in this place.
 D = Time resting spent in this place.
 E = Time spent auto-exploring this place.
 F = Levels seen in this place.
 G = Mean time per level.
                   A        B        C        D        E       F      G
               +--------+--------+--------+--------+--------+-----+--------+
         Total |  11907 |  11625 |    282 |   1243 |   8438 |  11 | 1082.5 |
       Dungeon |  10178 |   9955 |    223 |    732 |   7774 |   9 | 1130.9 |
        Temple |    189 |    130 |     59 |      0 |    114 |   1 |  189.0 |
        Bailey |   1539 |   1539 |      0 |    511 |    550 |   1 | 1539.0 |
               +--------+--------+--------+--------+--------+-----+--------+

Top non-repeatable levels by time:
     D:4: 1787 daAuts
     D:3: 1548 daAuts
  Bailey: 1539 daAuts
     D:7: 1493 daAuts
     D:1: 1433 daAuts
     D:8: 1095 daAuts
     D:2: 1063 daAuts
     D:6: 1054 daAuts
     D:5: 673 daAuts
  Temple: 189 daAuts
     D:9: 27 daAuts
